 Dungeon Crawl Stone Soup version 0.29-a0-666-g26d293caef (webtiles) character file.

Game seed: 8386792622129136110

155 Kae the Firebug (level 5, -4/30 HPs)
             Began as a Tengu Fire Elementalist on June 23, 2022.
             Killed from afar by an orc wizard (14 damage)
             ... with a puff of flame
             ... on level 3 of the Dungeon.
             The game lasted 00:03:40 (2665 turns).

Kae the Firebug (Tengu Fire Elementalist)           Turns: 2665, Time: 00:03:41

Health: -4/30      AC:  2    Str:  8    XL:     5   Next: 37%
Magic:  1/9        EV: 15    Int: 17    God:
Gold:   181        SH:  0    Dex: 15    Spells: 2/8 levels left

rFire   . . .      SeeInvis .   (no weapon)
rCold   . . .      Faith    .   (no shield)
rNeg    . . .      Spirit   .   a - +0 robe
rPois   .          Reflect  .   (helmet restricted)
rElec   .          Harm     .   (no cloak)
rCorr   .          Rampage  .   (no gloves)
Will    .....                   (boots unavailable)
Stlth   ++........              (no amulet)
HPRegen 0.10/turn               (no ring)
MPRegen 0.11/turn               (no ring)

@: about to teleport, flying quickly and evasively, quick
A: beak, talons 3, nimble flight
a: no special abilities


You were on level 3 of the Dungeon.
You visited 2 branches of the dungeon, and saw 5 of its levels.

You collected 181 gold pieces.


Innate Abilities, Weirdness & Mutations

You have a beak for a mouth.
You have claws for feet.
Your magical nature lets you fly swiftly and evasively.


   Skills:
 + Level 1.6 Fighting
 + Level 2.8 Dodging
 - Level 2.0 Stealth
 + Level 2.4 Spellcasting
 * Level 3.7 Conjurations
 * Level 4.5 Fire Magic


You had 2 spell levels left.
You knew the following spells:

 Your Spells              Type           Power      Damage    Failure   Level
a - Foxfire               Conj/Fire      64%        2x1d7     3%          1
b - Scorch                Fire           34%        2d7       4%          2
c - Conjure Flame         Conj/Fire      16%        6-21      10%         3

Your spell library contained the following spells:

 Spells                   Type           Power      Damage    Failure   Level
 Inner Flame              Hex/Fire       9%         N/A       22%         3
 Flame Wave               Conj/Fire      16%        2d6       32%         4
 Gell's Gravitas          Tloc           2%         N/A       50%         3
 Lesser Beckoning         Tloc           2%         N/A       50%         3
 Teleport Other           Tloc           2%         N/A       50%         3

Inventory:

Missiles
 f - 31 stones
Armour
 a - a +0 robe (worn)
 c - a +0 leather armour
   (You found it on level 1 of the Dungeon)
 e - a +0 pair of gloves
   (You found it on level 1 of the Dungeon)
 h - a +0 robe
   (You found it on level 3 of the Dungeon)
 i - a +0 leather armour
   (You took it off an orc on level 3 of the Dungeon)
 j - a +0 leather armour
   (You took it off an orc on level 3 of the Dungeon)
 n - a +0 robe
   (You took it off Jessica on level 2 of the Dungeon)
 q - a +0 robe
   (You took it off a goblin on level 2 of the Dungeon)
 r - a +0 leather armour
   (You found it on level 3 of the Dungeon)
Scrolls
 o - a scroll of teleportation {@r4}
Potions
 b - a potion of magic
 g - a potion of degeneration {!q}
 k - 2 potions of attraction {unknown}
 l - a potion of cancellation
 m - a potion of resistance {unknown}
 p - a potion of heal wounds {@q2}
 s - a potion of might {unknown}

Dungeon Overview and Level Annotations

Branches:
Dungeon (4/15) Zot: 21641  Temple (1/1) D:4 Zot: 5698

Altars:
Cheibriados
Dithmenos
Fedhas
Hepliaklqana
Kikubaaqudgha
Makhleb
Nemelex Xobeh
Okawaru
Qazlal
Trog
Wu Jian
Xom
Zin
The Shining One

Annotations:
D:2 Sigmund
D:4 exclusion: ogre

#.# #..#
#.# #..#
#.# #.##
#.# #.#
#.# #.#
#.# #.#
#.#
#o####.###
#.@{o.....
####....#.
..... ###.


You could see an orc wizard and an orc.


Message History

Confirm with . or Enter, or press ? or * to list all spells.
You conjure some foxfire!
The foxfire hits the orc priest. x2
You kill the orc priest! 😮 MP[-1]
You lost 1 mp, and now have 6/9 mp.
The teleport trap disappears.
The orc wizard disappears!
Key pressed, stopping explore.
Casting: Foxfire (safe; 3% risk of failure)
Confirm with . or Enter, or press ? or * to list all spells.
You conjure some foxfire! 😮 HP[+1]
An orc comes into view. It is wielding a +0 hand axe. 😮 MP[+1]
An orc is nearby!
An orc is nearby!
Casting: Foxfire (safe; 3% risk of failure)
Confirm with . or Enter, or press ? or * to list all spells.
You conjure some foxfire!
The foxfire hits the orc. x2 😮 HP[+1] MP[-1]
You lost 1 mp, and now have 6/9 mp.
Casting: Foxfire (safe; 3% risk of failure)
Confirm with . or Enter, or press ? or * to list all spells.
You conjure some foxfire!
The foxfire hits the orc.
You kill the orc!
An orc wizard comes into view.
It is wielding a +0 dagger of speed. 😮 HP[+1] MP[-1]
You now have 30 max hp (+1).
You lost 1 mp, and now have 5/9 mp.
An orc wizard is nearby!
Casting: Foxfire (safe; 3% risk of failure)
Confirm with . or Enter, or press ? or * to list all spells.
You conjure some foxfire!
The orc wizard shouts!
You hear a shout!
You hear an angry hiss.
The foxfire hits the orc wizard but does no damage. x2
Casting: Foxfire (safe; 3% risk of failure)
Confirm with . or Enter, or press ? or * to list all spells.
You conjure some foxfire!
An orc wizard comes into view. It is wielding a +0 dagger.
An orc comes into view. It is wielding a +0 trident.
The foxfire hits the orc wizard. x2 😮 MP[-1]
You lost 1 mp, and now have 4/9 mp.
Casting: Foxfire (safe; 3% risk of failure)
Confirm with . or Enter, or press ? or * to list all spells.
You conjure some foxfire!
The foxfire hits the orc wizard.
The orc wizard gestures wildly while chanting.
The orc wizard flickers and vanishes!
Deactivating autopickup; reactivate with Ctrl-A. 😮 MP[-1]
You lost 1 mp, and now have 3/9 mp.
There are monsters nearby!
Casting: Foxfire (safe; 3% risk of failure)
Confirm with . or Enter, or press ? or * to list all spells.
You conjure some foxfire!
The orc wizard gestures at you while chanting.
You resist with some effort.
The orc hits you from afar with a +0 trident.
* * * LOW HITPOINT WARNING * * *
The foxfire hits the orc wizard but does no damage.
The orc wizard casts a spell at you.
You are confused.
The orc closely misses you. 😨 HP[-4] MP[-1]
You take 4 damage, and now have 14/30 hp.
You lost 1 mp, and now have 2/9 mp.
Unknown command.
Unknown command.
You are too confused!
You feel better.
The orc wizard hits you with a +0 dagger of speed. 😮 HP[+7]
You regained 7 hp, and now have 21/30 hp.
As you read the scroll labelled LUELEHA QEFOFO, it crumbles to dust.
You feel strangely unstable.
It was a scroll of teleportation.
The orc wizard hits you with a +0 dagger of speed. x2 😮 HP[-4]
You take 4 damage, and now have 17/30 hp.
Okay, then.
Something hits you.
* * * LOW HITPOINT WARNING * * *
The orc barely misses you.
The orc wizard misses you. 😨 HP[-2] MP[+1]
You take 2 damage, and now have 15/30 hp.
You hit the orc wizard but do no damage.
Your peck misses the orc wizard. Something hits you.
* * * LOW HITPOINT WARNING * * *
The orc wizard hits you but does no damage.
The orc hits you from afar with a +0 trident.
* * * LOW HITPOINT WARNING * * *
😨 HP[-5]
You take 5 damage, and now have 10/30 hp.
Casting: Foxfire (safe; 3% risk of failure)
Confirm with . or Enter, or press ? or * to list all spells.
Flames lash something.
The orc wizard gestures at you while chanting.
The puff of flame hits you!
You die...

Skill      XL: |  1  2  3 |
---------------+----------+-----
Conjurations   | 2 3 |  3.7
Fighting       | 1 |  1.6
Fire Magic     | 4 |  4.5
Dodging        | |  2.8
Stealth        | |  2.0
Spellcasting   | |  2.4

Action                   |  1- 3 |  4- 6 || total
-------------------------+-------+-------++-------
Melee: Unarmed           |     1 |     1 ||     2
 Cast: Foxfire           |    53 |    38 ||    91
       Scorch            |     3 |     7 ||    10
  Use: Scroll            |       |     8 ||     8
       Potion            |       |     1 ||     1
Armor: Robe              |     5 |     2 ||     7
Dodge: Dodged            |    23 |     9 ||    32

Levels and vault maps discovered:
D:1:      minmay_arrival_split_and_join, layout_rooms, minivault_4
D:2:      layout_basic, hellmonk_ecumenical_altar_pennies_from_heaven,
          uniq_sigmund, uniq_jessica
D:3:      layout_basic, nicolae_ru_the_path_less_chosen,
          mainiacjoe_overflow_concentric_impassable, lemuel_tele_altar,
          portal_sewer_entry_a
D:4:      layout_cave_pods, old_standard_altar,
          minmay_temple_entry_antechambers, serial_shops, kennysheep_mini_moat,
          uniq_pikel, uniq_natasha, uniq_grinder
Temple:   cyrus_circular_temple

Notes
Turn   | Place    | Note
-------+----------+-------------------------------------------
     0 | D:1      | Kae the Tengu Fire Elementalist began the quest for the
                  | Orb.
     0 | D:1      | Reached XP level 1. HP: 10/10 MP: 4/4
     0 | D:1      | magus.rc [v1.11.3]
   304 | D:1      | Reached XP level 2. HP: 6/15 MP: 0/6
   332 | D:1      | Reached skill level 2 in Conjurations
   532 | D:1      | Learned a level 2 spell: Scorch
   757 | D:1      | Reached XP level 3. HP: 11/20 MP: 1/7
   761 | D:1      | Learned a level 3 spell: Conjure Flame
  1151 | D:2      | Noticed Jessica
  1158 | D:2      | Killed Jessica
  1159 | D:2      | Reached skill level 1 in Fighting
  1159 | D:2      | Reached skill level 4 in Fire Magic
  1235 | D:2      | Found a faded altar of an unknown god.
  1289 | D:2      | Reached skill level 3 in Conjurations
  1289 | D:2      | Reached XP level 4. HP: 21/25 MP: 2/8
  1342 | D:2      | Noticed Sigmund
  1443 | D:2      | You fall into a shaft and drop 2 floors!
  1445 | D:4      | Noticed an ogre
  1495 | D:4      | Found a staircase to the Ecumenical Temple.
  1517 | D:4      | Noticed Natasha
  1523 | D:4      | Killed Natasha
  1534 | Temple   | Entered the Ecumenical Temple
  2457 | D:3      | Gained mutation: Your magical nature lets you fly swiftly
                  | and evasively. [Tengu growth]
  2457 | D:3      | Reached XP level 5. HP: 26/29 MP: 3/9
  2533 | D:3      | Found an ancient bone altar of Kikubaaqudgha.
  2576 | D:3      | You pick up a book of Displacement and begin reading...
  2576 | D:3      | You add the spells Lesser Beckoning, Gell's Gravitas and
                  | Teleport Other to your library.
  2665 | D:3      | Killed from afar by an orc wizard

Vanquished Creatures
  An orc priest (D:3)
  Jessica (D:2)
  Natasha (D:4)
  An adder (D:2)
  An ufetubus (D:3)
  3 dart slugs
  6 orcs (D:3)
  6 endoplasms
  2 giant cockroaches
  4 goblins
  6 hobgoblins
  3 kobolds
  2 quokkas
  5 ball pythons
  A bat (D:2)
  3 frilled lizards
  3 rats
49 creatures vanquished.

Vanquished Creatures (others)
  156 foxfires
156 creatures vanquished.

Grand Total: 205 creatures vanquished

Table legend:
 A = Non-vault XP
 B = Vault XP
 C = Vault XP percentage of total XP
 D = Non-vault monster count
 E = Vault monster count
 F = Vault count percentage of total count
                 A         B        C        D         E       F
            +---------+---------+-------+---------+---------+-------
      Total |     150 |      72 |  32.4 |      47 |       2 |   4.1
            +---------+---------+-------+---------+---------+-------
        D:1 |      36 |       0 |   0.0 |      20 |       0 |   0.0
        D:2 |      23 |      37 |  61.7 |       7 |       1 |  12.5
        D:3 |      88 |       0 |   0.0 |      18 |       0 |   0.0
        D:4 |       3 |      35 |  92.1 |       2 |       1 |  33.3
            +---------+---------+-------+---------+---------+-------

Illustrated notes

Table legend:
 A = Kills in this place as a percentage of kills in entire the game.
 B = Kills by you in this place as a percentage of kills by you in the entire game.
 C = Kills by friends in this place as a percentage of kills by friends in the entire game.
 D = Other kills in this place as a percentage of other kills in the entire game.
 E = Experience gained in this place as a percentage of experience gained in the entire game.
 F = Experience gained in this place divided by the number of levels of this place that you have seen.
                   A       B       C       D       E      F
               +-------+-------+-------+-------+-------+----------------------
         Total | 100.0 | 100.0 |   N/A |   N/A | 100.0 |  44.4
       Dungeon | 100.0 | 100.0 |   N/A |   N/A | 100.0 |  55.5
               +-------+-------+-------+-------+-------+----------------------

Table legend: (Time is in decaauts)
 A = Elapsed time spent in this place.
 B = Non-inter-level travel time spent in this place.
 C = Inter-level travel time spent in this place.
 D = Time resting spent in this place.
 E = Time spent auto-exploring this place.
 F = Levels seen in this place.
 G = Mean time per level.
                   A        B        C        D        E       F      G
               +--------+--------+--------+--------+--------+-----+--------+
         Total |   2659 |   2624 |     35 |      0 |   2127 |   5 |  531.8 |
       Dungeon |   2357 |   2332 |     25 |      0 |   1901 |   4 |  589.2 |
        Temple |    301 |    291 |     10 |      0 |    226 |   1 |  301.0 |
               +--------+--------+--------+--------+--------+-----+--------+

Top non-repeatable levels by time:
     D:1: 1072 daAuts
     D:3: 779 daAuts
     D:2: 372 daAuts
  Temple: 301 daAuts
     D:4: 133 daAuts
